 Dungeon Crawl Stone Soup version 0.29-a0-234-g0dae59b3db (webtiles) character file.

Game seed: 17165892420472977943

1 siradein the Grave Robber (level 1, 0/14 HPs)
             Began as a Ghoul Necromancer on Mar 3, 2022.
             Slain by a jackal (2 damage)
             ... on level 1 of the Dungeon.
             The game lasted 00:00:36 (115 turns).

siradein the Grave Robber (Ghoul Necromancer)        Turns: 115, Time: 00:00:36

Health: 0/14       AC:  2    Str: 11    XL:     1   Next: 20%
Magic:  2/2        EV: 11    Int: 10    God:
Gold:   16         SH:  2    Dex:  9    Spells: 2/3 levels left

rFire   . . .      SeeInvis .   (no weapon)
rCold   + . .      Faith    .   c - +0 buckler
rNeg    + + +      Spirit   .   a - +0 robe
rPois   ∞          Reflect  .   (no helmet)
rElec   .          Harm     .   (no cloak)
rCorr   .          Rampage  .   (no gloves)
Will    .....                   (no boots)
Stlth   ++........              (no amulet)
HPRegen 0.00/turn               (no ring)
MPRegen 0.08/turn               (no ring)

@: inhibited regen
A: claws 1, cold resistance 1, negative energy resistance 3, inhibited
regeneration, torment resistance 2
a: no special abilities


You were on level 1 of the Dungeon.
You visited 1 branch of the dungeon, and saw 1 of its levels.

You collected 16 gold pieces.

Inventory:

Armour
 a - a +0 robe (worn)
 c - a +0 buckler (worn)
Potions
 b - a potion of lignification {unknown}


   Skills:
 - Level 1.7 Dodging
 - Level 2.1 Stealth
 - Level 1.7 Spellcasting
 + Level 4.0 Necromancy


You had 2 spell levels left.
You knew the following spells:

 Your Spells              Type           Power      Damage    Failure   Level
a - Pain                  Necr           36%        1d5       9%          1

Your spell library contained the following spells:

 Spells                   Type           Power      Damage    Failure   Level
 Animate Skeleton         Necr           18%        N/A       9%          1
 Vampiric Draining        Necr           9%         2d6       24%         3
 Animate Dead             Necr           4%         N/A       63%         4
 Agony                    Necr           9%         N/A       92%         5


Dungeon Overview and Level Annotations

Branches:
Dungeon (1/15)

Altars:


Innate Abilities, Weirdness & Mutations

You thrive by killing the living.
You are immune to poison.
You have sharp fingernails.
Your flesh is cold resistant. (rC+)
You are immune to negative energy. (rN+++)
You do not regenerate when monsters are visible.
You are immune to unholy pain and torment.


Message History

The goblin hits you with a +0 dagger.
You scratch the goblin.
You kill the goblin!
You feel better. The jackal bites you.
You closely miss the jackal. The jackal misses you.
The jackal closely misses you. The jackal completely misses you.
You closely miss the jackal. The jackal bites you. The jackal misses you.
The jackal barely misses you.
You are too injured to fight recklessly!
You are too injured to fight recklessly!
You are too injured to fight recklessly!
There is an open door here.
You scratch the jackal.
The jackal is moderately wounded.
The jackal misses you.
You miss the jackal. You block the jackal's attack. x2
The jackal closely misses you.
There is an open door here.
The jackal misses you. The jackal bites you.
There is an open door here.
The jackal bites you but does no damage.
The jackal closely misses you.
There is an open door here.
There is an open door here.
The jackal bites you. The jackal bites you.
* * * LOW HITPOINT WARNING * * *
There is an open door here.
You scratch the jackal.
The jackal is moderately wounded.
You scratch the jackal.
The jackal is heavily wounded.
The jackal barely misses you.
You completely miss the jackal. The jackal misses you. The jackal bites you.
* * * LOW HITPOINT WARNING * * *
The jackal closely misses you.
The jackal bites you but does no damage.
You barely miss the jackal. The jackal barely misses you. The jackal bites you.
You die...

#.⌠.'.⌠.#...# #...
#...#...#...#
##..l####+###'###'###'##
.......#...#...#...#...#
.......#...'...#.<.#h..#
.......#...#...#...#..)#
.....>.##'###########'##
l....>.#...#..h#...#...#
#.'...'..@hg..'...#
###...#..h#...#...#
#################


You could see 3 jackals and a hobgoblin.

Vanquished Creatures
  A frilled lizard (D:1)
  A goblin (D:1)
2 creatures vanquished.

Notes
Turn   | Place    | Note
-------+----------+-------------------------------------------
     0 | D:1      | siradein the Ghoul Necromancer began the quest for the Orb.
     0 | D:1      | Reached XP level 1. HP: 14/14 MP: 2/2
   115 | D:1      | Slain by a jackal

Illustrated notes

Levels and vault maps discovered:
D:1:      co_arrival_random_square_maze, layout_rooms

Action                   || total
-------------------------++-------
Melee: Unarmed           ||    12
 Cast: Pain              ||     1
Armor: Robe              ||     2
Dodge: Dodged            ||    15
Block: Buckler           ||     2

Table legend: (Time is in decaauts)
 A = Elapsed time spent in this place.
 B = Non-inter-level travel time spent in this place.
 C = Inter-level travel time spent in this place.
 D = Time resting spent in this place.
 E = Time spent auto-exploring this place.
 F = Levels seen in this place.
 G = Mean time per level.
                   A        B        C        D        E       F      G
               +--------+--------+--------+--------+--------+-----+--------+
         Total |    115 |    115 |      0 |      0 |     64 |   1 |  115.0 |
       Dungeon |    115 |    115 |      0 |      0 |     64 |   1 |  115.0 |
               +--------+--------+--------+--------+--------+-----+--------+

Top non-repeatable levels by time:
     D:1: 115 daAuts
